 Dungeon Crawl Stone Soup version 0.24-a0-292-g5c6fb1c (webtiles) character file.

Game seed: 6041946638795549431

102582 Ds27 the Spear-Bearer (level 15, -20/122 HPs)
             Began as a Demonspawn Gladiator on May 10, 2019.
             Was a High Priest of Okawaru.
             Killed from afar by Roxanne (52 damage)
             ... with an iron shot
             ... on level 15 of the Dungeon.
             The game lasted 01:39:04 (38232 turns).

Ds27 the Spear-Bearer (Demonspawn Gladiator)       Turns: 38232, Time: 01:39:05

Health: -20/122    AC: 21    Str: 20    XL:     15   Next: 86%
Magic:  21/21      EV: 17    Int: 10    God:    Okawaru [*****.]
Gold:   2398       SH: 13    Dex: 15    Spells: 6/14 levels left

rFire    + + .     SeeInvis .   a - +8 trident of Zeguequl {venom, rN+}
rCold    + . .     Gourm    .   J - +1 buckler {rF+}
rNeg     + . .     Faith    .   L - +4 plate armour {rC+}
rPois    +         Spirit   .   R - +0 helmet "Xeash" {+Fly rF+} (curse)
rElec    .         Reflect  .   Y - scarf {repulsion}
rCorr    .         Harm     .   (no gloves)
MR       +....                  l - +0 pair of boots
Stlth    +.........             g - amulet of rage
HPRegen  0.30/turn              I - ring of poison resistance
MPRegen  0.17/turn              c - +6 ring of evasion

@: repel missiles
A: hooves 1, large bone plates 2, nightstalker 2, powered by pain 2
a: Heroism, Finesse, Renounce Religion, Evoke Berserk Rage, Evoke Flight


You were on level 15 of the Dungeon.
You worshipped Okawaru.
Okawaru was extremely pleased with you.
You were not hungry.

You visited 4 branches of the dungeon, and saw 24 of its levels.

You collected 3303 gold pieces.
You spent 905 gold pieces at shops.

Inventory:

Hand Weapons
 a - the +8 trident of Zeguequl (weapon) {venom, rN+}
   (You took it off an orc priest on level 8 of the Dungeon)

   It poisons the flesh of those it strikes.
   It protects you from negative energy.
 b - a +0 hand crossbow
 x - a +0 hunting sling of venom
Missiles
 D - 491 bolts
 K - 205 sling bullets
 N - a throwing net (quivered)
Armour
 l - a +0 pair of boots (worn)
 G - a +2 shield
 J - a +1 buckler of fire resistance (worn)
 L - a +4 plate armour of cold resistance (worn)
 R - the cursed +0 helmet "Xeash" (worn) {+Fly rF+}
   (You bought it in a shop on level 11 of the Dungeon)

   It protects you from fire.
   It lets you fly.
   It has a curse placed upon it.
 X - +0 shadow dragon scales
 Y - a scarf of repulsion (worn)
Jewellery
 c - a +6 ring of evasion (right hand)
 d - an uncursed ring of ice
 g - an amulet of rage (around neck)
 m - an uncursed ring of see invisible
 I - a ring of poison resistance (left hand)
 V - an uncursed ring of flight
Wands
 e - a wand of scattershot (4)
 B - a wand of acid (3)
 E - a wand of digging (11)
 U - a wand of flame (7)
 Z - a wand of disintegration (5)
Scrolls
 i - 8 scrolls of teleportation
 j - 11 scrolls of remove curse
 k - a scroll of brand weapon
 r - 4 scrolls of immolation
 u - a scroll of blinking
 v - 3 scrolls of fog
 w - 7 scrolls of amnesia
 C - a scroll of identify
 M - 5 scrolls of magic mapping
 O - 4 scrolls of enchant weapon
 S - 2 scrolls of silence
 W - a scroll of enchant armour
Potions
 h - 5 potions of flight
 n - 16 potions of curing
 o - a potion of cancellation
 p - 4 potions of mutation
 q - 3 potions of haste
 s - 9 potions of lignification
 t - 5 potions of berserk rage
 z - 3 potions of agility
 A - 2 potions of might
 F - 3 potions of resistance
 H - 2 potions of invisibility
 P - a potion of magic
 Q - a potion of brilliance
 T - 2 potions of heal wounds
Comestibles
 f - 45 rations


   Skills:
 + Level 12.4 Fighting
 - Level 14.0 Polearms
 - Level 5.3(5.5) Slings
 - Level 1.7(3.8) Throwing
 + Level 9.8 Armour
 + Level 10.2 Dodging
 - Level 5.0 Stealth
 + Level 9.5 Shields
 * Level 5.6 Charms
 - Level 8.0 Invocations


You had 6 spell levels left.
You knew the following spells:

 Your Spells              Type           Power        Failure   Level  Hunger
a - Song of Slaying       Chrm           ##......     69%         2    ###....
b - Regeneration          Chrm/Necr      #.........   99%         3    ####...
c - Spectral Weapon       Hex/Chrm       #.......     99%         3    ####...

Your spell library contained the following spells:

 Spells                   Type           Power        Failure   Level  Hunger
 Infusion                 Chrm           ##..         54%         1    ##.....
 Shroud of Golubria       Chrm/Tloc      #.........   97%         2    ###....
 Beastly Appendage        Tmut           #.....       100%        1    ##.....
 Corona                   Hex            #......      100%        1    ##.....
 Flame Tongue             Conj/Fire      #....        100%        1    ##.....
 Ensorcelled Hibernation  Hex/Ice        #.....       100%        2    ###....
 Slow                     Hex            #.......     100%        2    ###....
 Sticks to Snakes         Tmut           #.......     100%        2    ###....
 Throw Flame              Conj/Fire      #.....       100%        2    ###....
 Conjure Flame            Conj/Fire      #.......     100%        3    ####...
 Inner Flame              Hex/Fire       #.......     100%        3    ####...
 Portal Projectile        Hex/Tloc       #.....       100%        3    ####...
 Spider Form              Tmut/Pois      #.........   100%        3    ####...
 Cause Fear               Hex            #.........   100%        4    #####..
 Ice Form                 Ice/Tmut       #.......     100%        4    #####..
 Leda's Liquefaction      Hex/Erth       #.........   100%        4    #####..
 Sticky Flame             Conj/Fire      #.......     100%        4    #####..
 Summon Lightning Spire   Summ/Air       #.......     100%        4    #####..
 Blade Hands              Tmut           #.........   100%        5    ######.
 Borgnjor's Vile Clutch   Necr/Erth      #.........   100%        5    ######.
 Fireball                 Conj/Fire      #.........   100%        5    ######.
 Silence                  Hex/Air        #.........   100%        5    ######.
 Conjure Ball Lightning   Conj/Air       #.........   100%        6    #######
 Darkness                 Hex            #.........   100%        6    #######
 Deflect Missiles         Chrm/Air       #.........   100%        6    #######
 Shadow Creatures         Summ           N/A          100%        6    #######
 Tornado                  Air            #.........   100%        9    #######


Dungeon Overview and Level Annotations

Branches:
Dungeon (15/15)            Temple (1/1) D:4            Lair (6/6) D:8
 Shoals (0/4) Lair:3       Spider (0/4) Lair:3        Slime (0/5) Lair:6
    Orc (2/2) D:10            Elf (0/3) Orc:2        Vaults (0/5) D:13
 Depths: D:15

Altars:
Cheibriados
Fedhas
Gozag
Okawaru
Trog
Vehumet
Xom
Beogh
Jiyva

Shops:
D:11 [(*}   Orc:1 :   Orc:2 *(=!

Annotations:
D:3 exclusion: downstairs
D:8 exclusion: 2 downstairs
D:13 exclusion: downstairs
D:15 exclusion: Roxanne, Roxanne


Innate Abilities, Weirdness & Mutations

You have large cloven feet.
You are mostly covered in large bone plates. (SH +6)
You are significantly more attuned to the shadows.
You sometimes gain power by taking damage.


Message History

Roxanne is almost destroyed.
You hit Roxanne but do no damage.
Roxanne is almost destroyed.
You hit Roxanne but do no damage.
Roxanne is almost destroyed.
You hit Roxanne but do no damage.
Roxanne is almost destroyed.
Roxanne casts a spell.
The iron shot is repelled.
You hit Roxanne but do no damage.
Roxanne is almost destroyed.
Roxanne casts a spell.
The iron shot is repelled.
You hit Roxanne.
Roxanne is almost destroyed.
You puncture Roxanne!
Roxanne is almost destroyed.
Roxanne casts a spell.
The iron shot hits you!!!
You die...

###......#.##
.##.........##
.#..........(########
.................#..#
............(..<...)#
.รท..........#.......#
....[.....###......##
...........###..8.####
####.......##...@.....
...#.......#.....(....
...#...............(##
...#.............###..
...##.................
####.....#............
........##............
............#....#..."
..........###...## ..#


You could see Roxanne.

Vanquished Creatures
  2 tengu reavers (D:13)
  Kirke (Lair:4)
  An orc warlord (D:10)
  Nessos (D:12)
  The ghost of Leggyless the Cleaver, a journeyman DDFi of Makhleb (D:13)
  Snorg (D:13)
  A fire dragon (Lair:6)
  8 hydras
  4 vault guards (D:13)
  The ghost of Gorice the Thaumaturge, a journeyman GnWn of Okawaru (Lair:1)
  The ghost of Fapouwn the Cleaver, a journeyman DsFi of Okawaru (Orc:1)
  An anaconda (Lair:6)
  5 centaur warriors
  2 ogre magi
  A catoblepas (Lair:2)
  The ghost of Borgoz the Fighter, a journeyman GrGl of Ashenzari (D:11)
  7 two-headed ogres
  A tengu warrior (D:13)
  2 orc high priests
  Nergalle (Orc:1)
  An unseen horror (shapeshifter) (D:13)
  A wizard (D:13)
  A swamp dragon (Lair:6)
  An unseen horror (D:10)
  3 orc knights
  A wolf spider (Lair:6)
  3 orc sorcerers
  A deep elf mage (D:10)
  A cyclops (D:15)
  A manticore (D:15)
  4 elephants (Lair:4)
  A merfolk siren (Lair:3)
  11 ugly things
  A centaur zombie (D:14)
  3 black mambas
  Psyche (D:8)
  Joseph (D:9)
  2 gargoyles
  9 spiny frogs
  2 centaur skeletons
  3 rime drakes (Lair:6)
  A freezing wraith (D:13)
  8 komodo dragons
  An efreet (D:14)
  A komodo dragon (shapeshifter) (D:13)
  The ghost of nikopol the Magician, a novice DEFE (D:5)
  A tengu conjurer (D:10)
  2 jumping spiders (Lair:3)
  3 merfolk (Lair:3)
  11 polar bears
  10 trolls
  A hornet (Lair:1)
  A blink frog (shapeshifter) (D:13)
  20 blink frogs
  4 hippogriffs
  3 slime creatures (D:14)
  2 raiju (Lair:6)
  A meliai zombie (D:11)
  12 dream sheep
  Sigmund (D:3)
  6 shadows
  3 wyverns
  5 spriggans
  A vampire (D:13)
  A wraith (D:12)
  37 yaks
  7 basilisks
  5 hogs (Lair:4)
  3 hungry ghosts
  A steam dragon (Lair:6)
  7 wargs
  Edmund (D:6)
  15 hell hounds (Lair:6)
  4 acid dragons
  18 water moccasins
  8 porcupines
  A swamp drake (Lair:6)
  54 orc warriors
  7 ice beasts
  14 black bears
  A necrophage (D:13)
  3 sky beasts
  A hornet zombie (D:10)
  A phantom (D:9)
  17 ogres
  19 centaurs
  20 wolves
  16 crocodiles
  3 big kobolds
  22 bullfrogs
  A gnoll sergeant (D:10)
  2 scorpions
  20 killer bees
  10 wights (D:10)
  7 howler monkeys
  10 crimson imps
  A bullfrog zombie (D:12)
  3 bullfrog skeletons
  4 hounds
  5 jellies
  21 orc priests
  24 orc wizards
  6 iguanas
  Ijyb (D:4)
  Natasha (thrice) (D:4)
  2 hell rats (Lair:5)
  14 worker ants
  Terence (D:3)
  A killer bee zombie (D:9)
  4 hound skeletons
  Robin (D:3)
  13 gnolls
  A howler monkey skeleton (D:7)
  18 adders
  11 river rats
  6 shadow imps
  2 adder skeletons
  5 worms
  5 dart slugs
  11 leopard geckos
  102 orcs
  2 ball pythons
  7 giant cockroaches
  18 goblins
  8 hobgoblins
  15 jackals
  3 quokkas
  8 bats
  4 frilled lizards
  21 kobolds
  A leopard gecko skeleton (D:2)
  A quokka skeleton (D:2)
  6 rats
  A plant (Lair:6)
890 creatures vanquished.

Vanquished Creatures (others)
  Maurice (D:8)
  A centaur (D:7)
  5 orcs
  A jackal (D:7)
  A quokka (D:7)
  15 fungi
  32 plants
56 creatures vanquished.

Grand Total: 946 creatures vanquished

Notes
Turn   | Place    | Note
-------+----------+-------------------------------------------
     0 | D:1      | Ds27 the Demonspawn Gladiator began the quest for the Orb.
     0 | D:1      | Reached XP level 1. HP: 16/16 MP: 1/1
    69 | D:1      | Reached skill level 3 in Polearms
    95 | D:1      | Gained mutation: You sometimes gain a little power by
                  | taking damage. [demonic ancestry]
    95 | D:1      | Reached XP level 2. HP: 20/22 MP: 2/2
   807 | D:2      | Gained mutation: You are slightly more attuned to the
                  | shadows. [demonic ancestry]
   807 | D:2      | Reached XP level 3. HP: 28/28 MP: 3/3
  1072 | D:2      | Reached skill level 4 in Polearms
  1072 | D:2      | Gained mutation: You are partially covered in large bone
                  | plates. (SH +4) [demonic ancestry]
  1072 | D:2      | Reached XP level 4. HP: 34/34 MP: 4/4
  1569 | D:3      | Noticed Sigmund
  1585 | D:3      | Killed Sigmund
  1585 | D:3      | Reached skill level 5 in Polearms
  1585 | D:3      | Reached skill level 1 in Slings
  1585 | D:3      | Gained mutation: You have large cloven feet. [demonic
                  | ancestry]
  1585 | D:3      | Reached XP level 5. HP: 37/42 MP: 5/5
  1656 | D:3      | Gained mutation: You sometimes gain power by taking damage.
                  | [demonic ancestry]
  1656 | D:3      | Reached XP level 6. HP: 48/48 MP: 6/6
  2083 | D:3      | Noticed Robin
  2090 | D:3      | Killed Robin
  2550 | D:3      | Noticed Terence
  2566 | D:3      | Killed Terence
  2667 | D:4      | Found an iron altar of Okawaru.
  2693 | D:4      | Became a worshipper of Warmaster Okawaru
  2922 | D:4      | Reached skill level 1 in Invocations
  3041 | D:4      | Reached XP level 7. HP: 47/54 MP: 7/7
  3172 | D:4      | Reached skill level 6 in Polearms
  3273 | D:4      | Noticed Ijyb
  3282 | D:4      | Noticed Natasha
  3299 | D:4      | Killed Ijyb
  3308 | D:4      | Killed Natasha
  4079 | D:4      | Noticed Natasha
  4095 | D:4      | Killed Natasha
  4300 | D:4      | Found a staircase to the Ecumenical Temple.
  4308 | Temple   | Entered the Ecumenical Temple
  4356 | D:5      | Entered Level 5 of the Dungeon
  4543 | D:5      | Reached * piety under Okawaru
  4676 | D:4      | Noticed Natasha
  4684 | D:4      | Killed Natasha
  5115 | D:5      | Found a runed translucent door.
  5149 | D:5      | Reached XP level 8. HP: 61/61 MP: 10/10
  5210 | D:5      | Noticed nikopol's ghost (novice DEFE)
  5687 | D:6      | Reached skill level 5 in Fighting
  5802 | D:6      | Noticed Edmund
  7032 | D:6      | Killed Edmund
  7032 | D:6      | Reached skill level 7 in Polearms
  7759 | D:7      | Reached skill level 5 in Invocations
  7760 | D:7      | Reached ** piety under Okawaru
  8165 | D:7      | Reached XP level 9. HP: 61/69 MP: 12/12
  8350 | D:7      | Found a shimmering altar of Xom.
  8546 | D:7      | Reached skill level 8 in Polearms
  8762 | D:8      | Noticed Psyche
  8822 | D:8      | Killed Psyche
  9057 | D:8      | Reached skill level 5 in Slings
  9290 | D:8      | Noticed Maurice
  9303 | D:8      | Killed Maurice
  9303 | D:8      | Reached skill level 9 in Polearms
  9663 | D:8      | Found a radiant altar of Vehumet.
  9753 | D:8      | Found a blossoming altar of Fedhas.
 10192 | D:8      | Noticed a two-headed ogre
 10201 | D:8      | Killed a two-headed ogre
 10201 | D:8      | Reached *** piety under Okawaru
 10201 | D:8      | Reached skill level 1 in Armour
 10201 | D:8      | Reached XP level 10. HP: 35/79 MP: 13/13
 10425 | D:8      | Identified the +8 trident of Zeguequl {venom, rN+}
 10867 | D:8      | Found a staircase to the Lair.
 10951 | D:8      | Found a snail-covered altar of Cheibriados.
 11026 | D:8      | Found a bloodstained altar of Trog.
 11027 | D:8      | Found an opulent altar of Gozag.
 11671 | D:9      | Reached skill level 1 in Shields
 11687 | D:9      | Reached skill level 10 in Polearms
 12025 | Lair:1   | Entered Level 1 of the Lair of Beasts
 12068 | Lair:1   | Reached **** piety under Okawaru
 12345 | Lair:1   | Noticed a black mamba
 12536 | Lair:1   | Found a runed translucent door.
 12537 | Lair:1   | Identified the +4 spear "Ytti" {flame, rC+ rN+ Str+2 Int+2}
 12538 | Lair:1   | Noticed Gorice's ghost (journeyman GnWn)
 12538 | Lair:1   | Noticed a spriggan rider
 12623 | Lair:1   | Killed a black mamba
 12623 | Lair:1   | Reached ***** piety under Okawaru
 12623 | Lair:1   | Received a gift from Okawaru
 12982 | Lair:1   | Noticed a spiny frog
 12983 | Lair:1   | Noticed a spiny frog
 12994 | Lair:1   | Killed a spiny frog
 12994 | Lair:1   | Gained mutation: You are significantly more attuned to the
                  | shadows. [demonic ancestry]
 12994 | Lair:1   | Reached XP level 11. HP: 82/86 MP: 14/14
 13815 | Lair:1   | Reached skill level 5 in Dodging
 13828 | Lair:1   | Received a gift from Okawaru
 14160 | Lair:1   | Noticed a five-headed hydra
 14167 | Lair:1   | Killed a five-headed hydra
 14167 | Lair:1   | Received a gift from Okawaru
 14167 | Lair:1   | Reached skill level 11 in Polearms
 14427 | Lair:1   | Received a gift from Okawaru
 14672 | Lair:2   | Noticed a four-headed hydra
 14690 | Lair:2   | Killed a four-headed hydra
 14690 | Lair:2   | Received a gift from Okawaru
 14981 | Lair:2   | Noticed a catoblepas
 14997 | Lair:2   | Killed a catoblepas
 15307 | Lair:2   | Reached skill level 5 in Armour
 15930 | Lair:2   | Got an ancient chain mail
 15941 | Lair:2   | Identified the cursed +1 chain mail of the Desert {rC+ rN+
                  | Int-5} (You found it on level 2 of the Lair of Beasts)
 16466 | Lair:2   | Reached XP level 12. HP: 45/95 MP: 15/15
 17047 | Lair:3   | Reached skill level 5 in Shields
 17085 | Lair:3   | Reached skill level 12 in Polearms
 17127 | Lair:3   | Received a gift from Okawaru
 17873 | Lair:3   | Found a hole to the Spider Nest.
 17876 | Lair:3   | Received a gift from Okawaru
 18165 | Lair:3   | HP: 4/96 [merfolk/+0 trident (5)]
 18461 | Lair:3   | Found a staircase to the Shoals.
 18968 | Lair:4   | Noticed a five-headed hydra
 18978 | Lair:4   | Killed a five-headed hydra
 19905 | Lair:4   | Noticed Kirke
 19921 | Lair:4   | Killed Kirke
 19921 | Lair:4   | Reached skill level 10 in Fighting
 20188 | Lair:4   | Gained mutation: You are mostly covered in large bone
                  | plates. (SH +6) [demonic ancestry]
 20188 | Lair:4   | Reached XP level 13. HP: 47/103 MP: 16/16
 20655 | Lair:5   | Received a gift from Okawaru
 21173 | Lair:5   | Reached skill level 13 in Polearms
 21760 | Lair:6   | Entered Level 6 of the Lair of Beasts
 21999 | Lair:6   | Reached ****** piety under Okawaru
 22997 | Lair:6   | Found a viscous altar of Jiyva.
 22997 | Lair:6   | Found a staircase to the Slime Pits.
 23084 | Lair:6   | Noticed a fire dragon
 23111 | Lair:6   | Killed a fire dragon
 23111 | Lair:6   | Received a gift from Okawaru
 24308 | Lair:6   | Received a gift from Okawaru
 25373 | Lair:6   | Reached XP level 14. HP: 109/111 MP: 19/19
 26442 | D:9      | Noticed Joseph
 26467 | D:9      | Killed Joseph
 26593 | D:10     | Entered Level 10 of the Dungeon
 26629 | D:10     | Identified a scroll of acquirement
 26640 | D:10     | Found a staircase to the Orcish Mines.
 27112 | D:10     | Reached skill level 14 in Polearms
 27530 | D:10     | Reached skill level 1 in Stealth
 27898 | D:11     | Found Wipn's Gadget Shop.
 27990 | D:11     | Found a gate leading to a gauntlet.
 28106 | D:11     | Found Kinganynute's Armour Shop.
 28110 | D:11     | Received a gift from Okawaru
 28159 | D:11     | Bought the cursed +0 helmet "Xeash" {+Fly rF+} for 246 gold
                  | pieces
 28268 | D:11     | Found Hohum's Antique Weapon Shop.
 28368 | D:11     | Found Kyeg's General Store.
 28500 | D:11     | Found a runed translucent door.
 28500 | D:11     | Noticed Borgoz's ghost (journeyman GrGl)
 29314 | D:12     | Noticed Nessos
 29330 | D:12     | Killed Nessos
 29592 | D:13     | Found a gate to the Vaults.
 29917 | D:13     | Noticed Snorg
 29935 | D:13     | Killed Snorg
 30173 | D:13     | Noticed Leggyless's ghost (journeyman DDFi)
 30175 | D:13     | Found a runed translucent door.
 30645 | D:13     | Noticed a tengu reaver
 30659 | D:13     | Reached skill level 5 in Stealth
 30703 | D:13     | Killed a tengu reaver
 30722 | D:13     | Noticed a tengu reaver
 30967 | Orc:1    | Entered Level 1 of the Orcish Mines
 30996 | Orc:1    | Noticed an orc warlord
 30999 | D:10     | Received a gift from Okawaru
 31115 | D:10     | Killed an orc warlord
 31115 | D:10     | Reached XP level 15. HP: 77/120 MP: 21/21
 31281 | Orc:1    | Noticed Nergalle
 31299 | Orc:1    | Killed Nergalle
 31388 | Orc:1    | Found Deedghia's Book Boutique.
 31392 | Orc:1    | Bought a book of Battle for 480 gold pieces
 31395 | Orc:1    | Learned a level 2 spell: Song of Slaying
 31399 | Orc:1    | Learned a level 3 spell: Regeneration
 31403 | Orc:1    | Learned a level 3 spell: Spectral Weapon
 31523 | Orc:2    | Entered Level 2 of the Orcish Mines
 31670 | Orc:2    | Paralysed by an orc sorcerer for 4 turns
 31679 | Orc:1    | Paralysed by an orc sorcerer for 7 turns
 32191 | Orc:2    | Reached skill level 1 in Charms
 32434 | Orc:2    | Found a staircase to the Elven Halls.
 32522 | Orc:2    | Received a gift from Okawaru
 33090 | Orc:2    | Found Oguozadigu's Jewellery Shoppe.
 33090 | Orc:2    | Found Witsy's Antique Weapon Shop.
 33090 | Orc:2    | Found Bugriu's General Store.
 33092 | Orc:2    | Found Aqyih's Distillery.
 33104 | Orc:2    | Bought a potion of heal wounds for 60 gold pieces
 33143 | Orc:2    | Bought a hand crossbow for 119 gold pieces
 33650 | Orc:1    | Found a runed translucent gate.
 33650 | Orc:1    | Noticed Fapouwn's ghost (journeyman DsFi)
 33935 | Orc:1    | Found a roughly hewn altar of Beogh.
 34011 | Orc:1    | Found a runed translucent gate.
 34012 | Orc:1    | Found a runed translucent gate.
 34217 | D:13     | Killed a tengu reaver
 35583 | D:14     | Found a runed translucent door.
 35996 | D:5      | Killed nikopol's ghost
 36190 | D:11     | Killed Borgoz's ghost
 36400 | D:13     | Killed Leggyless's ghost
 36621 | Lair:1   | Killed Gorice's ghost
 36621 | Lair:1   | Reached skill level 10 in Dodging
 37085 | Orc:1    | Killed Fapouwn's ghost
 37386 | D:14     | Found a roughly hewn altar of Beogh.
 37436 | D:15     | Entered Level 15 of the Dungeon
 37470 | D:15     | Reached skill level 5 in Charms
 37481 | D:15     | Received a gift from Okawaru
 37661 | D:15     | Received a gift from Okawaru
 37714 | D:15     | Noticed Roxanne
 38232 | D:15     | Killed from afar by Roxanne

Levels and vault maps discovered:
D:1:      roderic_crossed_star, layout_rooms, hangedman_decor_lopped
D:2:      layout_basic, minmay_box_of_dots
D:3:      layout_loops_corners, first_ration, uniq_terence, uniq_robin,
          uniq_sigmund
D:4:      layout_basic, minmay_temple_entry_poolview, okawaru_trees_1,
          uniq_ijyb, uniq_natasha
D:5:      layout_cave_pods, ebering_ghost_sewer_d
D:6:      layout_basic, serial_bayou_crossing, uniq_edmund
D:7:      layout_loops_corners, xom_confusion_cloud
D:8:      layout_basic, chequers_temple_overflow_statue_of_worship,
          lemuel_coloured_pillars_altar, gammafunk_temple_overflow_pools,
          grunt_lair_entry_orc_guard_hut, uniq_psyche, uniq_maurice
D:9:      minmay_s_stair_smasher, layout_layer_cave, uniq_joseph
D:10:     layout_roguey, orc_0_dummy, grunt_tengu_nest,
          chequers_serial_rivers_micro_c, minmay_shattered_shrine
D:11:     layout_big_octagon, ebering_ghost_inner_flame, serial_shops,
          nicolae_shop_statue_plus, kennysheep_mini, nicolae_shop_behind_doors,
          nicolae_shop_competitors_out_of_business, gauntlet_entry_generic
D:12:     layout_basic, minmay_misc_feat_cross, uniq_nessos
D:13:     minmay_expanding_squares, layout_basic,
          lightli_vaults_fourway_checkpoint, hellmonk_ghost_happy_afterlife,
          uniq_snorg
D:14:     layout_cave_pools, serial_column_ruins, column_ruins_hut,
          column_ruins_grid_1, column_ruins_open_small, column_ruins_corridor_T,
          column_ruins_corridor_dead_end, column_ruins_columns_plus,
          corexii_leaking_fountain, lightli_church_of_beogh
D:15:     grunt_enter_depths_snipers, layout_cave_pools,
          chequers_serial_rivers_micro_b, special_room [special_room_orc],
          minmay_misc_feat_more_columns, uniq_roxanne
Temple:   regret_index_temple_sphere_string
Lair:1:   minmay_lair_oklob_tunnel, layout_gridlike,
          ebering_ghost_funeral_grove, beast_lair_carwin_1, lemuel_fruit_tree
Lair:2:   layout_roguey, forest_entry_grove
Lair:3:   layout_hall_layers, elwin_shoals_entry_stream, spider_nest_entry_a,
          grunt_forest_large_clearing_hut
Lair:4:   layout_roguey, uniq_kirke
Lair:5:   layout_layer_cave, kennysheep_rathole
Lair:6:   hangedman_lair_caniforms_friends, layout_hall_layers,
          guppyfry_lair_end_dragon, dpeg_slime_entry_enclosed_altar, pond
Orc:1:    layout_caves, basic_altar, serial_shops, shop,
          ebering_ghost_rock_garden, uniq_nergalle
Orc:2:    st_orc_rangers, layout_caves

Skill      XL: |  1  2  3  4  5  6  7  8  9 10 11 12 13 14 15 |
---------------+----------------------------------------------+-----
Polearms       | 3 4 5 6 7 9 10 11 12 13 14 | 14.0
Fighting       | 3 4 5 7 8 9 10 11 12 | 12.4
Slings         | 1 2 3 4 5 |  5.3
Invocations    | 1 3 5 7 8 |  8.0
Armour         | 1 3 5 6 7 8 9 |  9.8
Dodging        | 3 4 6 7 8 9 10 | 10.2
Shields        | 2 4 6 7 8 9 |  9.5
Stealth        | 5 |  5.0
Charms         | 5 |  5.6
Throwing       | |  1.7

Action                   |  1- 3 |  4- 6 |  7- 9 | 10-12 | 13-15 || total
-------------------------+-------+-------+-------+-------+-------++-------
Melee: Trident           |    64 |    80 |   422 |   479 |  2141 ||  3186
       Kick              |       |    23 |    35 |       |       ||    58
       Glaive            |       |       |       |   262 |       ||   262
 Fire: Hunting sling     |    22 |   183 |   194 |       |   179 ||   578
       Arbalest          |       |       |     2 |     2 |       ||     4
       Hand crossbow     |       |       |       |       |    31 ||    31
Throw: Stone             |    24 |       |       |       |       ||    24
       Throwing net      |     2 |       |     3 |       |     2 ||     7
Invok: Heroism           |       |       |     3 |     4 |    17 ||    24
       Finesse           |       |       |       |     2 |    13 ||    15
Evoke: Wand              |       |       |     2 |       |    10 ||    12
  Use: Scroll            |       |       |    15 |       |    21 ||    36
       Potion            |       |       |     4 |     3 |     2 ||     9
 Stab: Held in net/web   |     1 |       |     2 |       |       ||     3
       Sleeping          |       |     1 |     2 |       |    28 ||    31
       Distracted        |       |       |       |       |     6 ||     6
  Eat: Chunk             |     1 |     6 |    16 |    24 |    46 ||    93
       Ration            |       |       |     2 |     2 |     4 ||     8
Armor: Leather armour    |    16 |    24 |    77 |       |       ||   117
       Plate armour      |       |       |    25 |   140 |       ||   165
       Chain mail        |       |       |       |   135 |   176 ||   311
       Shadow dragon sca |       |       |       |       |   228 ||   228
Dodge: Dodged            |    49 |    68 |   211 |   198 |   564 ||  1090
       Deflected         |       |       |       |       |    38 ||    38
Block: Other             |       |    11 |    60 |    47 |       ||   118
       Shield            |       |       |       |   270 |   307 ||   577
       Buckler           |       |       |       |       |   709 ||   709

Table legend:
 A = Non-vault XP
 B = Vault XP
 C = Vault XP percentage of total XP
 D = Non-vault monster count
 E = Vault monster count
 F = Vault count percentage of total count
                 A         B        C        D         E       F
            +---------+---------+-------+---------+---------+-------
      Total |   83235 |   63311 |  43.2 |     599 |     291 |  32.7
            +---------+---------+-------+---------+---------+-------
        D:1 |      40 |       0 |   0.0 |      19 |       0 |   0.0
        D:2 |      89 |      16 |  15.2 |      21 |       4 |  16.0
        D:3 |     136 |     291 |  68.1 |      31 |      14 |  31.1
        D:4 |     452 |      72 |  13.7 |      26 |       2 |   7.1
        D:5 |     370 |     218 |  37.1 |      11 |       2 |  15.4
        D:6 |     340 |     158 |  31.7 |      15 |       1 |   6.2
        D:7 |    1094 |      11 |   1.0 |      30 |       1 |   3.2
        D:8 |    1822 |    1463 |  44.5 |      31 |       9 |  22.5
        D:9 |    1028 |    1351 |  56.8 |      24 |      14 |  36.8
       D:10 |    6986 |    4264 |  37.9 |      57 |      14 |  19.7
       D:11 |    1221 |    1158 |  48.7 |      18 |       2 |  10.0
       D:12 |    4955 |    1380 |  21.8 |      40 |       1 |   2.4
       D:13 |    2407 |   19372 |  88.9 |      17 |      34 |  66.7
       D:14 |    5342 |    2002 |  27.3 |      20 |       8 |  28.6
       D:15 |    9631 |     827 |   7.9 |      21 |      20 |  48.8
     Lair:1 |    7162 |    3418 |  32.3 |      26 |      16 |  38.1
     Lair:2 |    6498 |     234 |   3.5 |      21 |       2 |   8.7
     Lair:3 |    5450 |    3071 |  36.0 |      27 |      10 |  27.0
     Lair:4 |    4865 |    3114 |  39.0 |      17 |      12 |  41.4
     Lair:5 |    4688 |     108 |   2.3 |      16 |       7 |  30.4
     Lair:6 |    7893 |   15236 |  65.9 |      31 |      78 |  71.6
      Orc:1 |    6107 |    1739 |  22.2 |      41 |       2 |   4.7
      Orc:2 |    4659 |    3808 |  45.0 |      39 |      38 |  49.4
            +---------+---------+-------+---------+---------+-------
